 Dungeon Crawl Stone Soup version 0.22-a0-354-g30dfbe6 (webtiles) character file.

4 wirefist the Sneak (level 1, -1/11 HPs)
             Began as an Octopode Enchanter on Apr 16, 2018.
             Slain by an ooze (2 damage)
             ... on level 1 of the Dungeon.
             The game lasted 00:00:59 (99 turns).

wirefist the Sneak (Octopode Enchanter)               Turns: 99, Time: 00:00:59

Health: -1/11      AC:  1    Str:  7    XL:     1   Next: 60%
Magic:  3/3        EV: 13    Int: 17    God:
Gold:   13         SH:  0    Dex: 12    Spells: 3/4 levels left

rFire    . . .     SeeInvis .   a - +1 dagger
rCold    . . .     Gourm    .   (no shield)
rNeg     . . .     Faith    .   (helmet restricted)
rPois    .         Spirit   .   (no amulet)
rElec    .         Reflect  .   (no ring)
rCorr    .         Harm     .   (no ring)
MR       .....                  (no ring)
Stlth    +++.......             (no ring)
HPRegen  0.03/turn              (no ring)
MPRegen  0.08/turn              (no ring)
                                (no ring)
                                (no ring)

@: no status effects
A: almost no armour, stealthy swim, amphibious, 8 rings, constrict 8, camouflage
1, gelatinous body 1
a: no special abilities


You were on level 1 of the Dungeon.
You were not hungry.

You visited 1 branch of the dungeon, and saw 1 of its levels.

You collected 13 gold pieces.

Inventory:

Hand Weapons
 a - a +1 dagger (weapon)
Comestibles
 b - a chunk of flesh
 c - a ration


   Skills:
 * Level 1.4 Short Blades
 - Level 2.0 Dodging
 + Level 4.1 Stealth
 - Level 2.0 Spellcasting
 - Level 3.0 Hexes


You had 3 spell levels left.
You knew the following spells:

 Your Spells              Type           Power        Failure   Level  Hunger
a - Corona                Hex            ##.....      5%          1    #......


Dungeon Overview and Level Annotations

Branches:
Dungeon (1/15)

Altars:


Innate Abilities, Weirdness & Mutations

You cannot wear most types of armour.
You are very stealthy in the water. (Stealth+)
You are amphibious.
You can wear up to eight rings at the same time.
You can use your tentacles to constrict eight enemies at once.
Your skin changes colour to match your surroundings (Stealth+).
Your rubbery body absorbs attacks. (AC +1, EV +1)


Message History

You now have 13 gold pieces.
The helpless giant cockroach fails to defend itself.
You puncture the giant cockroach!
You kill the giant cockroach!
An ooze comes into view.
A kobold comes into view. It is wielding a whip.
The kobold shouts!
The ooze quivers.
A rat comes into view.
The kobold hits you with a whip.
You see here a goblin corpse.
The kobold hits you but does no damage. The kobold closely misses you.
You barely miss the ooze. The ooze hits you.
* * * LOW HITPOINT WARNING * * *
You hit the ooze but do no damage. The ooze barely misses you.
You hit the ooze.
The ooze is lightly wounded.
The ooze hits you.
You die...

#####################
#...##.#....##.......
#.##.##...#.#..#....#
#..#.#..#..#.J##.#.#.
##.##..#.†##.......#.
#...#.#..#...#..#..##..
#.###.##.#.#..##...#... #.
#.#.#..#......#....# #
..##@##K.....##..(..# ...#
##J#...#.........#
#.######.#K..#..##)##....
####.#...#..#...#.........
#..#..###.##......#...#...
#..##.#.#...##...##....##.
##..##.##.##....#....#...
#<.#..#.##. .#.........[..
######### # ######### ###


You could see an ooze and a kobold.

Vanquished Creatures
  A bat (D:1)
  A giant cockroach (D:1)
  A goblin (D:1)
  A kobold (D:1)
4 creatures vanquished.

Notes
Turn   | Place    | Note
-------+----------+-------------------------------------------
     0 | D:1      | wirefist the Octopode Enchanter began the quest for the Orb.
     0 | D:1      | Reached XP level 1. HP: 11/11 MP: 3/3
    99 | D:1      | Slain by an ooze

Vault maps used:
D:1:      erik_arrival_cave_to_civilisation, eino_curves_04,
          minmay_misc_feat_rugged, corexii_item_surrounded_by_moat

Action                   || total
-------------------------++-------
Melee: Dagger            ||     8
       Constrict         ||     1
 Stab: Sleeping          ||     3
Dodge: Dodged            ||     3

Table legend:
 A = Spawn XP
 B = Non-spawn XP
 C = Spawn XP percentage of total XP
 D = Spawn monster count
 E = Non-spawn monster count
 F = Spawn count percentage of total count
 G = Total turns spent on level
                    A         B        C        D         E        F      G
               +---------+---------+-------+---------+---------+-------+---------
         Total |       0 |       6 |   0.0 |       0 |       4 |   0.0 |    99
               +---------+---------+-------+---------+---------+-------+---------
           D:1 |       0 |       6 |   0.0 |       0 |       4 |   0.0 |    99
               +---------+---------+-------+---------+---------+-------+---------
